 Dungeon Crawl Stone Soup version 0.18-a0-183-gad09a0e (webtiles) character file.

1050 septik the Shield-Bearer (level 8, -3/56 HPs)
             Began as a Formicid Fighter on Nov 23, 2015.
             Slain by an orc warrior
             ... wielding a +0 flail
              (17 damage)
             ... on level 6 of the Dungeon.
             The game lasted 00:14:44 (5869 turns).

septik the Shield-Bearer (Formicid Fighter)         Turns: 5869, Time: 00:14:44

Health: -3/56      AC: 11    Str: 23    XL:     8   Next: 50%
Magic:  9/9        EV:  6    Int: 10    God:
Gold:   288        SH: 12    Dex: 12    Spells: 0 memorised, 7 levels left

rFire  . . .     SeeInvis +     a - +0 war axe
rCold  . . .     Clarity  .     D - +1 plate armour
rNeg   . . .     SustAt   .     c - +0 shield
rPois  .         Gourm    .     (helmet unavailable)
rElec  .         Spirit   .     d - +0 cloak
rCorr  .         Warding  .     (no gloves)
rMut   .         Stasis   +     (no boots)
MR     .....                    (no amulet)
Stlth  ..........               (no ring)
                                x - ring of invisibility

@: not resistant to hostile enchantments, extremely unstealthy
A: permanent stasis, dig shafts and tunnels, four strong arms, antennae 3, large
bone plates 1, agile 1, blurry vision 1, clever 1, deformed body, frail 1, low
mp 1, spit poison 1, evolution 1
a: Dig, Shaft Self, Spit Poison, Evoke Invisibility


You were on level 6 of the Dungeon.
You were not hungry.

You visited 2 branches of the dungeon, and saw 7 of its levels.
You also visited: Ossuary.

You collected 288 gold pieces.

Inventory:

Hand Weapons
 a - a +0 war axe (weapon)
 E - a +3 blowgun
Missiles
 f - 197 stones (quivered)
Armour
 c - a +0 shield (worn)
 d - a +0 cloak (worn)
 m - a +0 chain mail
 D - a +1 plate armour (worn)
Jewellery
 x - a ring of invisibility (left hand)
Wands
 F - a wand of digging (4)
Scrolls
 h - a scroll of identify
 n - 3 scrolls of immolation
 q - a scroll of fog
Potions
 b - 3 potions of curing
 g - 2 potions of magic
 i - 4 potions of agility
 k - 2 potions of ambrosia
 o - a potion of invisibility {unknown}
 p - 4 potions of lignification {unknown}
 r - 2 potions of might
 u - a potion of resistance
 B - 2 potions of heal wounds {unknown}
Comestibles
 e - 3 bread rations
 j - 3 chunks of flesh
 t - 2 beef jerkies
 v - 3 fruits
 G - a slice of pizza


   Skills:
 + Level 5.5 Fighting
 * Level 5.4 Axes
 + Level 5.0 Armour
 + Level 2.7 Dodging
 + Level 5.6 Shields
 + Level 2.9 Evocations


You had 7 spell levels left.
You didn't know any spells.

Dungeon Overview and Level Annotations

Branches:
Dungeon (6/15)             Temple (1/1) D:5

Altars:
Ashenzari
Dithmenos
Elyvilon
Fedhas
Gozag
Qazlal
Ru
Sif Muna
Vehumet
Xom
The Shining One

Shops:
D:4 (

Annotations:
D:3 exclusion: orc wizard


Innate Abilities, Weirdness & Mutations

You are under a permanent stasis effect.
You can dig through walls and to a lower floor.
Your four strong arms can wield two-handed weapons with a shield.
You have a pair of large antennae on your head (SInv).
You are partially covered in large bone plates (AC +2, SH +2).
You are agile. (Dex +2)
Scrolls take you a little longer to read.
Your mind is acute. (Int +2)
Armour fits poorly on your strangely shaped body.
You are frail (-10% HP).
Your magical capacity is low (-10% MP).
You can spit weak poison.
You evolve.


Message History

You slash the orc warrior!
The orc warrior is heavily wounded.
You hit the iguana but do no damage. The iguana bites you!
You slash the orc warrior!
The orc warrior is almost dead.
You closely miss the iguana. The orc warrior hits you with a flail!
* * * LOW HITPOINT WARNING * * *
You block the iguana's attack.
You closely miss the orc warrior.
The orc warrior is almost dead.
You hit the iguana.
The iguana is heavily wounded.
You block the iguana's attack. The orc warrior hits you with a flail.
* * * LOW HITPOINT WARNING * * *
You closely miss the orc warrior.
The orc warrior is almost dead.
You hit the iguana.
The iguana is almost dead.
You block the iguana's attack. The orc warrior hits you with a flail!
You die...

#..≈≈♣≈≈......##.......###
#..≈≈≈≈≈......####........
♣...≈≈≈...♣##.'..'........
♣♣.......♣♣ ######........
♣♣.....♣♣ #....##+#####
♣♣...♣♣ #.##.# ♣.....♣ #
+..# ♣.......♣ #.#..#
♣...≈≈≈...♣ #..@)#
♣..≈≈≈≈≈..♣ #.)ol......
...≈≈_≈≈).. #......(...
♣..≈≈≈≈≈..♣♣ #..........
#!......... ##.........
#......... #.........


You could see an orc warrior and an iguana.

Vanquished Creatures
  2 ice beasts (D:5)
  A sky beast (D:5)
  A centaur (D:6)
  A scorpion (D:5)
  A crimson imp (D:5)
  An iguana (D:4)
  Ijyb (D:4)
  A hound (D:6)
  A jelly (D:5)
  2 orc priests
  2 orc wizards (D:4)
  Terence (D:2)
  3 worker ants (D:4)
  A big kobold zombie (Ossuary)
  A hound zombie (D:5)
  A hound skeleton (D:5)
  3 mummies (Ossuary)
  5 adders
  A gnoll (D:1)
  A shadow imp (D:5)
  3 oozes
  2 worms (D:2)
  4 giant geckos
  19 orcs
  7 bats
  2 giant cockroaches
  15 goblins
  8 hobgoblins
  10 jackals
  6 kobolds
  3 quokkas
  A giant cockroach zombie (D:5)
  4 giant newts
  A gnoll zombie (Ossuary)
  2 goblin zombies (Ossuary)
  2 hobgoblin zombies (Ossuary)
  A jackal zombie (D:5)
  2 orc zombies (Ossuary)
  A quokka zombie (D:4)
  6 rats
130 creatures vanquished.

Notes
Turn   | Place    | Note
--------------------------------------------------------------
     0 | D:1      | septik the Formicid Fighter began the quest for the Orb.
     0 | D:1      | Reached XP level 1. HP: 18/18 MP: 1/1
   376 | D:1      | Reached XP level 2. HP: 16/24 MP: 2/2
   473 | D:1      | Reached XP level 3. HP: 24/29 MP: 3/3
  1075 | D:2      | Noticed Terence
  1090 | D:2      | Killed Terence
  1090 | D:2      | Reached skill level 1 in Dodging
  1090 | D:2      | Reached skill level 4 in Shields
  1090 | D:2      | Reached XP level 4. HP: 37/37 MP: 4/4
  1478 | D:2      | Found an opulent altar of Gozag.
  1658 | D:2      | Reached XP level 5. HP: 42/42 MP: 5/5
  1821 | D:2      | Found a sacrificial altar of Ru.
  2969 | D:4      | Reached XP level 6. HP: 46/49 MP: 6/6
  3145 | D:4      | Found a shattered altar of Ashenzari.
  3330 | D:4      | Noticed Ijyb
  3363 | D:4      | Killed Ijyb
  3680 | D:4      | Found Ojeupn's Weapon Shoppe.
  3942 | D:4      | Reached XP level 7. HP: 55/55 MP: 7/7
  4034 | D:5      | Entered Level 5 of the Dungeon
  4090 | D:5      | Found a staircase to the Ecumenical Temple.
  4099 | Temple   | Entered the Ecumenical Temple
  4202 | D:5      | Reached skill level 1 in Evocations
  4206 | D:5      | Reached skill level 5 in Shields
  4255 | D:5      | Reached skill level 5 in Fighting
  4259 | D:5      | Gained mutation: You evolve. [mutagenic meat]
  4260 | D:5      | Gained mutation: You can spit weak poison. [mutagenic meat]
  4261 | D:5      | Gained mutation: You expend magic power (3 MP) to strengthen your wands. [mutagenic meat]
  4262 | D:5      | Gained mutation: Potions and wands are less effective at restoring your health. [mutagenic meat]
  4453 | D:5      | Found a sand-covered staircase.
  4466 | Ossuary  | Entered an ossuary
  4945 | D:5      | Reached skill level 5 in Axes
  4945 | D:5      | Reached XP level 8. HP: 62/62 MP: 9/9
  5294 | D:5      | Gained mutation: You have an increased reservoir of magic (+10% MP). [potion of mutation]
  5294 | D:5      | Gained mutation: You are partially covered in large bone plates (AC +2, SH +2). [potion of mutation]
  5295 | D:5      | Lost mutation: You have an increased reservoir of magic (+10% MP). [potion of mutation]
  5295 | D:5      | Lost mutation: Potions and wands are less effective at restoring your health. [potion of mutation]
  5296 | D:5      | Gained mutation: You are frail (-10% HP). [potion of mutation]
  5296 | D:5      | Gained mutation: Your magical capacity is low (-10% MP). [potion of mutation]
  5296 | D:5      | Lost mutation: You expend magic power (3 MP) to strengthen your wands. [potion of mutation]
  5297 | D:5      | Gained mutation: Your mind is acute. (Int +2) [potion of mutation]
  5298 | D:5      | Gained mutation: You can spit poison. [potion of mutation]
  5298 | D:5      | Lost mutation: You can spit poison. [potion of mutation]
  5298 | D:5      | Gained mutation: Armour fits poorly on your strangely shaped body. [potion of mutation]
  5299 | D:5      | Gained mutation: You are agile. (Dex +2) [potion of mutation]
  5299 | D:5      | Gained mutation: Scrolls take you a little longer to read. [potion of mutation]
  5742 | D:6      | Found a stormy altar of Qazlal.
  5757 | D:6      | Reached skill level 5 in Armour
  5829 | D:6      | Found a white marble altar of Elyvilon.
  5869 | D:6      | Slain by an orc warrior

Vault maps used:
D:1:      dpeg_arrival_circle_labyrinth_c
D:2:      grunt_gozag_statues, lemuel_coloured_pillars_altar, uniq_terence
D:3:      tgw_sif
D:4:      kennysheep_goblin_castle, ashenzari_conservatory_becter, serial_shops,
          shop
D:5:      minmay_temple_entry_statues_pillars, enter_ossuary_3, first_bread
D:6:      elyvilon_altar_3, slow_altar_1, lemuel_doored_altar, minivault_26,
          minmay_misc_feat_columns
Temple:   circular_temple_6
Ossuary:  ossuary_crypta

Action                   |  1- 3 |  4- 6 |  7- 9 || total
-------------------------+-------+-------+-------++-------
Melee: War axe           |    74 |   222 |   154 ||   450
Throw: Stone             |     2 |       |       ||     2
 Abil: Dig               |       |     1 |       ||     1
  Use: Scroll            |       |       |    17 ||    17
       Potion            |       |       |     7 ||     7
  Eat: Chunk             |       |    10 |     9 ||    19
       Pizza             |       |       |     1 ||     1
